 Dungeon Crawl Stone Soup version 0.28-a0-1555-g9ae15a6949 (webtiles) character file.

Game seed: 7433822502939457585

221424 buddhastalin the Warrior (level 19, -1/132 HPs)
             Began as a Kobold Berserker on Jan 18, 2022.
             Was a High Priest of Trog.
             Killed from afar by an ironbound frostheart (26 damage)
             ... by creeping frost
             ... on level 2 of the Vaults.
             The game lasted 02:11:18 (49919 turns).

buddhastalin the Warrior (Kobold Berserker)        Turns: 49919, Time: 02:11:21

Health: -1/132     AC: 26    Str: 21    XL:     19   Next: 97%
Magic:  19/19      EV: 20    Int: 16    God:    Trog [*****.]
Gold:   1754       SH: 20    Dex: 14    Spells: 18/18 levels left

rFire   + . .      SeeInvis .   b - +9 quick blade (vamp)
rCold   . . .      Faith    .   r - +1 kite shield
rNeg    + . .      Spirit   .   p - +18 Lear's hauberk
rPois   +          Reflect  +   (helmet currently unavailable)
rElec   +          Harm     .   o - +2 cloak {rCorr}
rCorr   +          Rampage  .   (gloves currently unavailable)
Will    ++++.                   (boots currently unavailable)
Stlth   ..........              R - amulet of Yzxybul {Reflect rPois rF+ rN+ SH+5 Stlth+}
HPRegen 1.32/turn               V - ring of Cowardice {rElec Will+ Int+6}
MPRegen 0.16/turn               T - +4 ring of evasion

@: strong-willed, frozen, corroded, regenerating, very slow
A: small, no large weapons, nightstalker 3
}: 1/15 runes: serpentine
a: Renounce Religion, Berserk, Trog's Hand, Brothers in Arms


You were on level 2 of the Vaults.
You worshipped Trog.
Trog was extremely pleased with you.
You visited 5 branches of the dungeon, and saw 29 of its levels.
You also visited: Trove and Ice Cave.

You collected 3322 gold pieces.
You spent 1568 gold pieces at shops.

Inventory:

Hand Weapons
 a - the +7 dagger "Nick" {freeze, Fly rC+ Will+}
   (You found it in an ice cave)

   It freezes those it strikes, dealing additional cold damage.
   It can also slow down cold-blooded creatures.
   rC:        It protects you from cold.
   Fly:       It grants you flight.
   Will:      It increases your willpower.
 b - a +9 vampiric quick blade (weapon)
 v - the +3 dagger of Shame {venom, rElec rC+++ Int-4 Dex+4}
   (You took it off a centaur on level 2 of the Lair of Beasts)

   It poisons the flesh of those it strikes.
   Int:       It affects your intelligence (-4).
   Dex:       It affects your dexterity (+4).
   rC:        It renders you almost immune to cold.
   rElec:     It insulates you from electricity.
Missiles
 e - 51 poisoned darts (quivered)
Armour
 o - a +2 cloak of preservation (worn)
 p - the +18 Lear's hauberk (worn)
   (You found it on level 4 of the Dungeon)
 r - a +1 kite shield (worn)
Jewellery
 J - a ring of see invisible
 R - the amulet of Yzxybul (around neck) {Reflect rPois rF+ rN+ SH+5 Stlth+}
   (You found it in a treasure trove)

   [amulet of reflection]

   It reflects blocked missile attacks.
   rF:        It protects you from fire.
   rPois:     It protects you from poison.
   rN:        It protects you from negative energy.
   SH:        It affects your SH (+5).
   Stlth:     It makes you more stealthy.
 T - a +4 ring of evasion (right hand)
 V - the ring of Cowardice (left hand) {rElec Will+ Int+6}
   (You found it in a treasure trove)

   [ring of intelligence]

   Int:       It affects your intelligence (+6).
   rElec:     It insulates you from electricity.
   Will:      It increases your willpower.
 X - a ring of protection from fire
 Y - a ring of positive energy
Wands
 j - a wand of digging (10)
 k - a wand of flame (46)
 m - a wand of acid (2)
 s - a wand of iceblast (26)
 y - a wand of paralysis (15)
Scrolls
 g - a scroll of holy word
 i - 12 scrolls of identify
 l - 2 scrolls of fog
 q - a scroll of enchant weapon
 u - 2 scrolls of silence
 x - 4 scrolls of immolation
 A - a scroll of fear
 B - a scroll of summoning
 E - 2 scrolls of magic mapping
 I - 5 scrolls of teleportation
 K - 11 scrolls of enchant armour
 L - a scroll of brand weapon
 O - 2 scrolls of blinking
Potions
 c - 2 potions of mutation
 d - 6 potions of curing
 f - 6 potions of lignification
 h - 3 potions of flight
 n - 3 potions of attraction
 t - 3 potions of haste
 z - 3 potions of might
 D - 2 potions of magic
 F - 2 potions of ambrosia
 M - a potion of resistance
Miscellaneous
 C - a condenser vane
 G - a phial of floods
 H - a lightning rod (4/4)


   Skills:
 + Level 18.9 Fighting
 - Level 14.1 Short Blades
 + Level 14.5 Armour
 + Level 16.2 Dodging
 - Level 16.1 Shields
 - Level 10.2 Evocations


You had 18 spell levels left.
You didn't know any spells.
Your spell library was empty.

Dungeon Overview and Level Annotations

Branches:
Dungeon (15/15)            Temple (0/1) D:5            Lair (6/6) D:10
 Shoals (0/4) Lair:2        Snake (4/4) Lair:4        Slime (0/5) Lair:6
    Orc (2/2) D:11            Elf (0/3) Orc:2        Vaults (2/5) D:14
  Crypt (0/3) Vaults:2     Depths (0/4) D:15          IceCv (visited)

Altars:
Qazlal
Sif Muna
Uskayaw
Vehumet
Xom
Beogh
Jiyva

Shops:
D:7 *   D:15 ?*   Orc:2 =:?([   Snake:2 ([   Snake:3 =::

Annotations:
D:6 sirJeffrey23's ghost, novice HOFi
Snake:3 1 runed translucent door, Cengyal's ghost, adept MiGl


Innate Abilities, Weirdness & Mutations

You are small and have problems with some larger weapons.
You are completely attuned to the shadows.


Message History

The ironbound frostheart is heavily wounded.
You block the deep troll's attack. The deep troll closely misses you.
You block the deep troll's attack.
The ironbound frostheart closely misses you.
You barely miss the ironbound frostheart.
The ironbound frostheart is heavily wounded.
You hit the ironbound frostheart but do no damage.
The ironbound frostheart is heavily wounded.
You block the deep troll's attack. The deep troll misses you.
You block the deep troll's attack. The ironbound frostheart touches you.
The ironbound frostheart freezes you!
* * * LOW HITPOINT WARNING * * *
You hit the ironbound frostheart but do no damage.
The ironbound frostheart is heavily wounded.
A large slime creature splits.
You puncture the ironbound frostheart!
You feel better.
The ironbound frostheart is heavily wounded.
You hit the ironbound frostheart but do no damage.
The ironbound frostheart is heavily wounded.
You block the deep troll's attack. The deep troll misses you.
The deep troll completely misses you.
The ironbound frostheart calls freezing cold from the walls.
The frost grips you!!
* * * LOW HITPOINT WARNING * * *
You are encased in ice.
You hit the ironbound frostheart but do no damage.
The ironbound frostheart is heavily wounded.
A slime creature merges with something you can't see.
Your iron troll goes berserk!
The ironbound frostheart barely misses you.
You block the deep troll's attack. The deep troll barely misses you.
You block the deep troll's attack.
A slime creature merges with something you can't see.
You hit the ironbound frostheart but do no damage.
The ironbound frostheart is heavily wounded.
The deep troll barely misses you. The deep troll closely misses you.
You block the deep troll's attack.
The ironbound frostheart calls freezing cold from the walls.
The frost grips you!!
You die...

#######################
[......................
....................Y..
...............########
...............#......#
#...c#########.#......#
#..Jc#T......#.#......#
#..GpTp......#.#......#
#....#@......#.#......#
...p#..p.#.......'.#......#
...p#.G..#......[#.#'######
.Tp#.ps.#.......'.........
###)#)...#########.........
........... ..............
........... ..............
........... ..............
.......... ..............


You could see a great orb of eyes, a slime creature, an ironbound frostheart
(strong), a centaur warrior, a deep troll (ally target), an ironbound convoker,
a yaktaur and a friendly iron troll (summoned, berserk).

Vanquished Creatures
  Mara (Snake:3)
  Rupert (Lair:5)
  Asterion (Snake:2)
  Mlioglotl (Snake:2)
  Gastronok (Lair:2)
  Agnes (D:14)
  A tengu reaver (Vaults:1)
  Kirke (Snake:4)
  5 nagarajas (Snake:4)
  2 azure jellies (IceCv)
  Louise (Snake:2)
  A vault warden (Vaults:1)
  An orc warlord (Orc:2)
  Aizul (Lair:4)
  3 ironbound preservers (Vaults:1)
  A ghoul (Vaults:2)
  A very ugly thing (Vaults:1)
  A quicksilver ooze (IceCv)
  A war gargoyle (Vaults:1)
  5 ironbound thunderhulks
  A quicksilver ooze (shapeshifter) (D:14)
  Nessos (Orc:2)
  An entropy weaver (Vaults:1)
  Azrael (D:14)
  11 dire elephants
  3 great orbs of eyes (Vaults:1)
  2 yaktaur captains (Vaults:1)
  A salamander tyrant (Snake:4)
  4 boulder beetles
  A vault guard (D:14)
  12 hydras
  10 naga warriors
  A catoblepas (Lair:6)
  An ironbound frostheart (Vaults:1)
  A peacekeeper (Vaults:1)
  12 anacondas
  14 centaur warriors
  A dancing weapon (Lair:4)
  11 two-headed ogres
  A vampire mage (Vaults:2)
  3 death yaks
  A tengu warrior (D:13)
  5 shock serpents
  An orc high priest (Orc:2)
  16 naga sharpshooters
  The ghost of DarkBird the Magician, a novice DrAE of Makhleb (D:10)
  4 salamander mystics
  2 skeletal warriors (D:15)
  8 deep trolls
  5 naga ritualists
  A wizard (Vaults:2)
  5 ironbound convokers
  A golden dragon skeleton (D:15)
  A necromancer (D:15)
  A tengu zombie (D:15)
  6 lindwurms
  5 harpies (Vaults:1)
  A phantasmal warrior (D:15)
  Pikel (D:4)
  An iron dragon zombie (D:15)
  A mana viper (shapeshifter) (D:14)
  2 deep elf pyromancers
  10 cyclopes
  11 ugly things
  5 mana vipers
  6 salamanders
  4 orc sorcerers
  6 manticores
  24 black mambas
  A centaur zombie (D:11)
  27 elephants
  16 naga magi
  6 vault sentinels
  An ice statue (IceCv)
  10 guardian serpents
  A torpor snail (Lair:6)
  3 freezing wraiths
  2 rime drakes
  10 cane toads
  2 unseen horrors
  A spriggan zombie (D:15)
  A kobold demonologist (D:8)
  12 yaktaurs (Vaults:1)
  6 entropy weaver simulacra (IceCv)
  8 komodo dragons
  10 polar bears (Lair:6)
  3 meliai (D:13)
  A meliai (shapeshifter) (D:14)
  6 trolls
  A tarantella (shapeshifter) (D:13)
  5 raiju (Lair:6)
  A hornet (D:10)
  22 blink frogs
  23 dream sheep
  23 slime creatures
  3 wraiths
  35 yaks
  A centaur simulacrum (D:15)
  A vampire (D:8)
  A shadow (D:13)
  3 fire bats (Lair:3)
  A hog (shapeshifter) (D:13)
  A basilisk (Lair:6)
  4 wyverns
  2 fire elementals (D:14)
  A steam dragon (D:8)
  3 redbacks
  6 vampire mosquitoes (D:14)
  Edmund (D:4)
  2 demonic crawler simulacra (IceCv)
  38 nagas
  5 wargs
  An acid dragon (D:8)
  15 hell hounds
  17 water moccasins
  A sky beast (D:8)
  12 black bears
  28 orc warriors
  A necrophage (D:5)
  A black bear (shapeshifter) (D:14)
  An ugly thing simulacrum (IceCv)
  19 wolves
  7 ogres
  12 centaurs
  A phantom (D:7)
  A lemure (D:4)
  11 bullfrogs
  A kobold brigand (D:6)
  3 glowing shapeshifter simulacra (IceCv)
  An ogre simulacrum (Vaults:1)
  A wyvern zombie (D:7)
  5 scorpions
  A water moccasin skeleton (D:7)
  2 electric eels
  A wight (D:8)
  2 howler monkeys
  2 jellies
  2 hounds
  A human simulacrum (Vaults:1)
  23 orc priests
  2 centaur skeletons
  Crazy Yiuf (D:3)
  2 gnoll shamans
  2 bullfrog skeletons
  Natasha (thrice) (D:3)
  3 iguanas (D:5)
  27 orc wizards
  A hound skeleton (D:5)
  2 howler monkey zombies
  Robin (D:3)
  10 gnolls
  A howler monkey skeleton (D:7)
  5 adders
  A shadow imp (D:5)
  A white imp (D:7)
  2 adder skeletons (D:4)
  2 dart slugs
  71 orcs
  3 ball pythons
  5 endoplasms
  3 giant cockroaches (D:2)
  10 goblins
  7 hobgoblins
  3 jackals (D:2)
  5 quokkas
  5 bats
  2 frilled lizards
  9 kobolds
  6 rats
937 creatures vanquished.

Vanquished Creatures (collateral kills)
  Vashnia (Snake:2)
  Frances (Snake:2)
  A vault warden (Vaults:2)
  An ironbound preserver (Vaults:2)
  An entropy weaver (Vaults:2)
  A dire elephant (Vaults:2)
  A peacekeeper (Vaults:2)
  A centaur warrior (D:13)
  2 ironbound frosthearts (Vaults:2)
  2 naga sharpshooters (Snake:2)
  A hell knight (Vaults:2)
  2 ice statues (IceCv)
  A komodo dragon (shapeshifter) (D:13)
  A meliai (D:13)
  A jumping spider (Vaults:2)
18 creatures vanquished.

Vanquished Creatures (others)
  The ghost of freelancePsychic the Thaumaturge, a journeyman DjAE of Makhleb (Lair:4)
  A human (Snake:4)
  2 nagas
  2 wolves (Lair:6)
  A glowing shapeshifter simulacrum (IceCv)
  A bush (Lair:4)
  34 fungi
  95 plants
  6 withered plants (D:15)
143 creatures vanquished.

Grand Total: 1098 creatures vanquished

Notes
Turn   | Place    | Note
-------+----------+-------------------------------------------
     0 | D:1      | buddhastalin the Kobold Berserker began the quest for the
                  | Orb.
     0 | D:1      | Reached XP level 1. HP: 14/14 MP: 1/1
   533 | D:1      | Reached XP level 2. HP: 11/14 MP: 2/2
  1109 | D:2      | Reached XP level 3. HP: 19/20 MP: 3/3
  1268 | D:2      | Reached skill level 5 in Short Blades
  1424 | D:2      | Reached ** piety under Trog
  1425 | D:2      | Reached XP level 4. HP: 21/29 MP: 4/4
  1986 | D:3      | Noticed Robin
  1995 | D:3      | Killed Robin
  2019 | D:3      | Reached skill level 4 in Fighting
  2226 | D:3      | Noticed Natasha
  2241 | D:3      | Killed Natasha
  2242 | D:3      | Reached XP level 5. HP: 33/33 MP: 5/5
  2316 | D:3      | Noticed Natasha
  2327 | D:3      | Killed Natasha
  2594 | D:3      | Noticed Natasha
  2644 | D:3      | Killed Natasha
  2896 | D:3      | Found a radiant altar of Vehumet.
  3232 | D:3      | Found a runed translucent door.
  3235 | D:3      | Noticed Crazy Yiuf
  3241 | D:3      | Killed Crazy Yiuf
  3242 | D:3      | Reached XP level 6. HP: 39/39 MP: 6/6
  3342 | D:4      | Found the +18 Lear's hauberk
  3516 | D:4      | Noticed Edmund
  3538 | D:4      | Killed Edmund
  3539 | D:4      | Reached XP level 7. HP: 39/44 MP: 7/7
  3744 | D:4      | Reached skill level 5 in Fighting
  3827 | D:4      | Noticed Pikel
  3870 | D:4      | Killed Pikel
  3871 | D:4      | Reached skill level 1 in Shields
  3871 | D:4      | Reached XP level 8. HP: 35/50 MP: 8/8
  4587 | D:5      | Entered Level 5 of the Dungeon
  4727 | D:5      | Found a staircase to the Ecumenical Temple.
  5053 | D:5      | Reached skill level 6 in Fighting
  5143 | D:5      | Reached *** piety under Trog
  5217 | D:5      | Noticed a two-headed ogre
  5232 | D:5      | Killed a two-headed ogre
  5233 | D:5      | Reached skill level 10 in Short Blades
  5233 | D:5      | Reached XP level 9. HP: 56/56 MP: 9/9
  6072 | D:6      | Reached skill level 7 in Fighting
  6138 | D:6      | Reached XP level 10. HP: 49/63 MP: 10/10
  7135 | D:7      | Reached skill level 5 in Armour
  7273 | D:7      | Found a runed translucent door.
  7573 | D:7      | Found Qiteilau's Assorted Antiques.
  7858 | D:7      | Noticed sirJeffrey23's ghost (novice HOFi)
  7954 | D:7      | HP: 2/96 [sirJeffrey23's ghost (17)]
  7960 | D:7      | HP: 1/96 [sirJeffrey23's ghost (4)]
  8928 | D:8      | Reached skill level 8 in Fighting
  9653 | D:8      | Identified the +0 ring mail "Koyxza" {-Tele rElec Slay+2}
  9671 | D:8      | Noticed a kobold demonologist
  9678 | D:8      | Noticed a centaur warrior
  9683 | D:8      | Noticed a cyclops
  9692 | D:8      | Killed a centaur warrior
  9704 | D:8      | Killed a kobold demonologist
  9705 | D:8      | Reached skill level 5 in Shields
  9866 | D:8      | Reached XP level 11. HP: 69/69 MP: 11/11
 10896 | D:9      | Noticed a two-headed ogre
 10910 | D:9      | Killed a two-headed ogre
 10911 | D:9      | Reached skill level 9 in Fighting
 10911 | D:9      | Reached skill level 1 in Evocations
 11797 | D:10     | Entered Level 10 of the Dungeon
 11817 | D:10     | Found a staircase to the Lair.
 11863 | D:10     | Identified the +5 ring mail of Kikubaaqudgha's Hope
                  | {Rampage Int+3 Slay+2}
 11916 | D:10     | Reached **** piety under Trog
 12114 | D:10     | Found a runed translucent door.
 12120 | D:10     | Noticed DarkBird's ghost (novice DrAE)
 12152 | D:10     | Killed DarkBird's ghost
 12157 | D:10     | HP: 2/71 [poisoned by DarkBird's ghost]
 12471 | D:10     | Noticed a two-headed ogre
 12485 | D:10     | Killed a two-headed ogre
 13865 | Lair:1   | Entered Level 1 of the Lair of Beasts
 13916 | Lair:1   | Noticed a six-headed hydra
 13924 | Lair:1   | Killed a six-headed hydra
 14193 | Lair:1   | Noticed an eight-headed hydra
 14203 | Lair:1   | Killed an eight-headed hydra
 14204 | Lair:1   | Reached skill level 10 in Fighting
 14204 | Lair:1   | Reached XP level 12. HP: 77/77 MP: 12/12
 14807 | Lair:1   | Found the +7 mace of Variability {chain chaos}
 15012 | Lair:2   | Reached skill level 5 in Evocations
 15088 | Lair:2   | Noticed a four-headed hydra
 15399 | Lair:2   | Identified the +8 long sword of the Morning {chaos, rN++}
 15562 | Lair:2   | Noticed a four-headed hydra
 15562 | Lair:2   | Noticed an eight-headed hydra
 15583 | Lair:2   | Killed an eight-headed hydra
 15590 | Lair:2   | Killed a four-headed hydra
 15809 | Lair:2   | Killed a four-headed hydra
 16059 | Lair:2   | Identified the +3 dagger of Shame {venom, rElec rC+++ Int-4
                  | Dex+4}
 16107 | Lair:2   | Found a staircase to the Shoals.
 16678 | Lair:2   | Reached skill level 11 in Fighting
 16991 | Lair:2   | Noticed Gastronok
 17038 | Lair:2   | Killed Gastronok
 17332 | Lair:3   | Noticed a four-headed hydra
 17334 | Lair:3   | Noticed a six-headed hydra
 17353 | Lair:3   | Killed a four-headed hydra
 17362 | Lair:3   | Killed a six-headed hydra
 17363 | Lair:3   | Reached XP level 13. HP: 25/84 MP: 13/13
 17518 | Lair:3   | HP: 3/84 [yak (8)]
 18083 | Lair:3   | Found a dark tunnel.
 18708 | Lair:3   | Noticed a five-headed hydra
 18732 | Lair:3   | Killed a five-headed hydra
 18733 | Lair:3   | Reached skill level 12 in Fighting
 19766 | Lair:4   | Found a staircase to the Snake Pit.
 20334 | Lair:4   | Noticed a boulder beetle
 20447 | Lair:3   | Reached XP level 14. HP: 11/92 MP: 14/14
 20836 | Lair:4   | Reached skill level 10 in Evocations
 21151 | Lair:4   | Found a runed translucent door.
 21151 | Lair:4   | Found a shimmering altar of Xom.
 21152 | Lair:4   | Noticed freelancePsychic's ghost (journeyman DjAE)
 21414 | Lair:4   | Killed freelancePsychic's ghost
 22308 | Lair:5   | Reached skill level 13 in Fighting
 22902 | Lair:5   | Reached skill level 5 in Dodging
 23824 | Lair:6   | Entered Level 6 of the Lair of Beasts
 24529 | Lair:6   | Reached skill level 10 in Armour
 24747 | Lair:6   | Noticed a dire elephant
 24856 | Lair:5   | Killed a dire elephant
 25401 | D:11     | Identified a scroll of acquirement
 25407 | D:11     | Acquired a manual of Shields
 25449 | D:11     | Found a staircase to the Orcish Mines.
 25792 | D:11     | Reached skill level 10 in Shields
 25929 | D:11     | Found the +8 trident of the Octopus King {venom, rElec
                  | rPois}
 26453 | Orc:1    | Entered Level 1 of the Orcish Mines
 26605 | Orc:1    | Reached ***** piety under Trog
 26966 | Orc:2    | Entered Level 2 of the Orcish Mines
 26967 | Orc:2    | Found a staircase to the Elven Halls.
 27187 | Orc:2    | Found Xiacel's Magic Scroll Shoppe.
 27453 | Orc:2    | Reached XP level 15. HP: 93/100 MP: 15/15
 27527 | Orc:2    | Noticed Nessos
 27566 | Orc:2    | Killed Nessos
 27776 | Orc:2    | Identified the +6 flail "Siagug" {vorpal, Str+2} (Trog
                  | gifted it to you on level 2 of the Orcish Mines)
 27776 | Orc:2    | Received a gift from Trog
 27924 | Orc:2    | Found Hoywk's Book Boutique.
 28055 | Orc:2    | Found Weoschuti's Jewellery Emporium.
 28366 | Orc:2    | Reached skill level 14 in Fighting
 28407 | Orc:2    | Noticed an orc warlord
 28458 | Orc:2    | Killed an orc warlord
 28774 | Orc:2    | Found Zixess Appye's Antique Armour Shoppe.
 28775 | Orc:2    | Found Meligumu's Antique Weapon Emporium.
 29055 | D:12     | Found a frozen archway.
 29061 | IceCv    | Entered an ice cave
 29633 | IceCv    | Got the +7 dagger "Nick" {freeze, Fly rC+ Will+}
 29965 | IceCv    | Noticed a quicksilver ooze
 29979 | IceCv    | Killed a quicksilver ooze
 30099 | IceCv    | Found a viscous altar of Jiyva.
 30099 | IceCv    | Noticed an azure jelly
 30118 | IceCv    | Killed an azure jelly
 30147 | IceCv    | Noticed an azure jelly
 30170 | IceCv    | Killed an azure jelly
 30196 | IceCv    | Got the ring "Bikhloik" {Ice rElec Int-3 Dex+4}
 31943 | D:13     | Received a gift from Trog
 31990 | D:13     | Found a hide-covered altar of Uskayaw.
 32568 | D:14     | Noticed Azrael
 32607 | D:14     | Killed Azrael
 32696 | D:14     | Reached XP level 16. HP: 107/107 MP: 16/16
 32933 | D:14     | Reached skill level 15 in Fighting
 33108 | D:14     | Reached skill level 10 in Dodging
 33311 | D:14     | Noticed Agnes
 33322 | D:14     | Killed Agnes
 33380 | D:14     | Paralysed by a great orb of eyes for 5 turns
 33768 | D:14     | Found a gate to the Vaults.
 33826 | D:14     | Found a shimmering blue altar of Sif Muna.
 34042 | D:14     | Found a portal to a secret trove of treasure.
 34051 | D:14     | You paid a toll of a +4 demon blade to enter a treasure
                  | trove
 34052 | Trove    | Entered a treasure trove
 34060 | Trove    | Identified the amulet of Yzxybul {Reflect rPois rF+ rN+
                  | SH+5 Stlth+}
 34062 | Trove    | Identified the ring of Ehyomeg {rCorr Int+3}
 34066 | Trove    | Identified the ring of the Sun {Will+ Int+6}
 34068 | Trove    | Identified the ring of Cowardice {rElec Will+ Int+6}
 34070 | Trove    | Identified the ring of Amorality {Str+6 Int+4}
 34077 | Trove    | Identified the ring "Jyoceack" {Fly rPois Int+2 Dex+4
                  | Stlth-}
 34079 | Trove    | Identified the ring of the Suburbs {Ice rElec Will- rCorr
                  | Stlth-}
 34221 | D:15     | Entered Level 15 of the Dungeon
 34454 | D:15     | Found Oroz Tutro's Assorted Antiques.
 35679 | D:15     | Found a staircase to the Depths.
 36533 | D:15     | Found Lasixuod's Magic Scroll Shop.
 36538 | D:15     | Bought 2 scrolls of acquirement for 1248 gold pieces
 36538 | D:15     | Acquired the +0 quick blade of Urgency {drain, Int+2}
 36539 | D:15     | Acquired a +5 quick blade
 36704 | Orc:2    | Bought a scroll of brand weapon for 320 gold pieces
 37266 | Lair:6   | Noticed Rupert
 37745 | Lair:6   | Found a viscous altar of Jiyva.
 37746 | Lair:6   | Found a staircase to the Slime Pits.
 37797 | Lair:5   | Killed Rupert
 38288 | Lair:6   | Reached ****** piety under Trog
 38333 | Lair:6   | Received a gift from Trog
 38366 | Lair:6   | Reached XP level 17. HP: 115/115 MP: 17/17
 38479 | Lair:6   | Reached skill level 16 in Fighting
 39022 | Lair:6   | Identified the +3 ring mail of the Original Sin {rCorr}
 39347 | Snake:1  | Entered Level 1 of the Snake Pit
 39347 | Snake:1  | Noticed Aizul
 39382 | Lair:4   | Killed Aizul
 39983 | Snake:1  | Received a gift from Trog
 40238 | Snake:1  | You fall into a shaft and drop 1 floor!
 40527 | Snake:2  | Found Hono's Antique Weapon Emporium.
 40558 | Snake:2  | Noticed Louise
 40603 | Snake:2  | Killed Louise
 40662 | Snake:2  | Found Goacla Vanok's Antique Armour Shoppe.
 40941 | Snake:2  | Noticed Vashnia
 40989 | Snake:2  | Noticed Frances
 41052 | Snake:2  | Killed Frances
 41062 | Snake:2  | Killed Vashnia
 41158 | Snake:2  | Noticed Mlioglotl
 41158 | Snake:2  | Noticed Asterion
 41180 | Snake:2  | Killed Mlioglotl
 41200 | Snake:2  | Killed Asterion
 41464 | Snake:2  | Reached skill level 15 in Shields
 41922 | Snake:3  | Reached XP level 18. HP: 122/122 MP: 18/18
 42036 | Snake:3  | Reached skill level 17 in Fighting
 42138 | Snake:3  | Received a gift from Trog
 42409 | Snake:3  | Noticed Mara
 42415 | Snake:3  | Noticed buddhastalin's illusion
 42419 | Snake:3  | Found a runed translucent door.
 42419 | Snake:3  | Noticed Cengyal's ghost (adept MiGl)
 42456 | Snake:3  | Noticed buddhastalin's illusion
 42503 | Snake:3  | Killed Mara
 42891 | Snake:3  | Found Ahajy's Book Emporium.
 42891 | Snake:3  | Found Quaxu's Book Emporium.
 42892 | Snake:3  | Found Effoabus's Jewellery Shop.
 43178 | Snake:4  | Entered Level 4 of the Snake Pit
 43248 | Snake:4  | Found a stormy altar of Qazlal.
 43782 | Snake:4  | Noticed Kirke
 43802 | Snake:4  | Killed Kirke
 44365 | Snake:4  | Received a gift from Trog
 45369 | Snake:4  | Got a serpentine rune of Zot
 45727 | Lair:1   | Upgraded the game from 0.28-a0-1524-ge72afd5fc6 to
                  | 0.28-a0-1555-g9ae15a6949
 45851 | Vaults:1 | Entered Level 1 of the Vaults
 45908 | Vaults:1 | Reached XP level 19. HP: 43/130 MP: 19/19
 46205 | Vaults:1 | Reached skill level 18 in Fighting
 46504 | Vaults:1 | Reached skill level 15 in Dodging
 47137 | Vaults:1 | Received a gift from Trog
 49233 | Vaults:2 | Found a staircase to the Crypt.
 49881 | Vaults:2 | Identified the +3 rapier of Duty {flame, Dex+5} (Trog
                  | gifted it to you on level 2 of the Vaults)
 49881 | Vaults:2 | Received a gift from Trog
 49919 | Vaults:2 | Killed from afar by an ironbound frostheart

Illustrated notes

Levels and vault maps discovered:
D:1:      shiori_shiawase, layout_rooms
D:2:      layout_loops_cross, minmay_misc_feat_ornament
D:3:      cheibrodos_helix_gallery, layout_loops_ring,
          mainiacjoe_overflow_paths, uniq_robin, uniq_crazy_yiuf_cottage,
          uniq_natasha
D:4:      layout_basic, uniq_pikel, uniq_edmund
D:5:      layout_basic, minmay_temple_entry_junction
D:6:      layout_basic
D:7:      layout_layer_cave, serial_shops, shop, ebering_ghost_reflecting_pool
D:8:      minmay_the_grid_octo_2x2 [minmay_the_grid_octo_teeth,
          minmay_the_grid_octo_concentric, minmay_the_grid_octo_chip,
          minmay_the_grid_octo_prize_big_c], layout_basic, kennysheep_crisscross
D:9:      layout_basic, ebering_dispersal_statue_hall, minivault_11,
          kennysheep_generic_room_2
D:10:     layout_irregular_city, dpeg_oklobed_lair,
          ebering_ghost_reflecting_pool, minivault_27
D:11:     layout_grid_maze, orc_0_dummy
D:12:     layout_basic, portal_ice_cave_entry_pillars_2
D:13:     layout_loops_cross, minmay_ruined_shrine
D:14:     layout_stronghold, david_vaults_4, enter_trove_5,
          nicolae_sif_muna_condensation, minmay_misc_feat_roman, uniq_agnes,
          uniq_azrael
D:15:     gammafunk_depths_entry_grave, layout_basic, minmay_misc_feat_encased,
          serial_shops, nicolae_lakefront_shop, nicolae_shop_statue_plus
Lair:1:   layout_regular_city, minmay_holes, infiniplex_staircase_pool
Lair:2:   layout_chaotic_city, minmay_shoals_entry_centaurs, uniq_gastronok
Lair:3:   layout_misc_corridors, nicolae_volcano_entry_batcave,
          serial_bayou_shore_a
Lair:4:   layout_misc_corridors, dummy_snake_entry, ebering_ghost_xom
Lair:5:   layout_gridlike, lemuel_fruit_fields, grunt_megastairs_4,
          lemuel_fruit_fields, lemuel_fruit_tree
Lair:6:   hangedman_lair_in_review, layout_misc_corridors,
          hangedman_lair_caniforms_friends, slime_altar_1, uniq_rupert
Snake:1:  layout_rooms, drop_trap, uniq_aizul
Snake:2:  layout_misc_corridors, minmay_shoptagon, uniq_louise, uniq_mlioglotl,
          uniq_vashnia, uniq_asterion, uniq_frances
Snake:3:  layout_misc_corridors, hellmonk_ghost_happy_afterlife,
          minmay_shop_grove, uniq_mara
Snake:4:  grunt_snake_rune_serpentine_throne, layout_cave_town, basic_altar,
          uniq_kirke
Orc:1:    layout_caves
Orc:2:    grunt_orc_community_town_hall, layout_diamond_mine,
          grunt_orc_community_big_house_1, grunt_orc_community_big_house_1,
          grunt_orc_community_house_2, grunt_orc_community_house_2,
          grunt_orc_community_house_1, grunt_orc_community_house_1,
          grunt_orc_community_house_1, serial_shops, nicolae_shop_behind_doors,
          uniq_nessos
Vaults:1: vaults_dpeg_hooks, v_misc_25, v_misc_5, v_rooms_5,
          grunt_vaults_bifocal, vaults_standard_mumra_enter_the_diamond,
          ontoclasm_vaults_spin, v_pattern_4, nicolae_vaults_c_with_doors,
          serial_ice_m, layout_vaults_omnigrid
Vaults:2: v_rooms_5, minmay_crypt_entry_simple_corners,
          vaults_room_grunt_arrival_ludios, nicolae_vaults_little_squares_1,
          v_misc_33, v_alt_pattern_3, v_misc_30, v_misc_19,
          ontoclasm_vaults_chip, nicolae_vaults_alarming,
          layout_vaults_omnicross, uniq_margery

Skill      XL: |  1  2  3  4  5  6  7  8  9 10 11 12 13 14 15 16 17 18 19 |
---------------+----------------------------------------------------------+-----
Dodging        | 3 4 7 9 11 13 14 16 | 16.2
Short Blades   | 5 6 7 8 10 11 13 14 | 14.1
Fighting       | 4 5 6 7 8 10 11 12 13 14 15 16 17 18 | 18.9
Armour         | 2 3 4 5 6 8 9 10 11 12 13 14 | 14.5
Shields        | 1 3 4 5 6 7 8 10 12 13 15 16 | 16.1
Evocations     | 4 7 9 10 | 10.2

Action                   |  1- 3 |  4- 6 |  7- 9 | 10-12 | 13-15 | 16-18 | 19-21 || total
-------------------------+-------+-------+-------+-------+-------+-------+-------++-------
Melee: Short sword       |    13 |       |       |       |       |       |       ||    13
       Dagger            |    43 |   157 |   380 |  1588 |  2964 |   883 |       ||  6015
       Punch             |       |     4 |    10 |       |       |       |       ||    14
       Unarmed           |       |       |       |     6 |       |       |       ||     6
       Quick blade       |       |       |       |       |       |  2954 |  1424 ||  4378
Invok: Berserk           |       |     3 |     2 |    13 |    20 |     9 |     1 ||    48
       Trog's Hand       |       |       |       |     2 |     7 |     5 |     2 ||    16
       Brothers in Arms  |       |       |       |       |     2 |     3 |     3 ||     8
Evoke: Wand              |       |       |       |     1 |     2 |       |       ||     3
       Lightning rod     |       |       |       |     1 |       |       |       ||     1
       Condenser vane    |       |       |       |       |     1 |       |       ||     1
  Use: Scroll            |       |       |     8 |    16 |     9 |    10 |       ||    43
       Potion            |       |       |       |     2 |     3 |     3 |     2 ||    10
 Stab: Sleeping          |    14 |     4 |       |       |       |       |       ||    18
       Distracted        |       |     1 |       |       |       |     2 |     1 ||     4
       Invisible         |       |       |       |       |     4 |       |       ||     4
       Paralysed         |       |       |       |       |     4 |       |       ||     4
       Petrified         |       |       |       |       |       |     3 |       ||     3
Armor: Animal skin       |     5 |     2 |       |       |       |       |       ||     7
       Leather armour    |       |     7 |       |       |       |       |       ||     7
       Chain mail        |       |    14 |    96 |   768 |  1202 |   733 |   272 ||  3085
Dodge: Dodged            |    24 |    68 |   106 |   490 |   924 |   986 |   381 ||  2979
Block: Kite shield       |       |       |    35 |   725 |  1731 |  2176 |   772 ||  5439
       Reflection        |       |       |       |       |       |   132 |    16 ||   148

Table legend: (Time is in decaauts)
 A = Elapsed time spent in this place.
 B = Non-inter-level travel time spent in this place.
 C = Inter-level travel time spent in this place.
 D = Time resting spent in this place.
 E = Time spent auto-exploring this place.
 F = Levels seen in this place.
 G = Mean time per level.
                   A        B        C        D        E       F      G
               +--------+--------+--------+--------+--------+-----+--------+
         Total |  45953 |  43942 |   2011 |  13156 |  20256 |  31 | 1482.4 |
       Dungeon |  21286 |  20211 |   1075 |   5376 |  11222 |  15 | 1419.1 |
          Lair |  13048 |  12464 |    584 |   5551 |   3849 |   6 | 2174.7 |
     Snake Pit |   4889 |   4692 |    197 |   1160 |   2040 |   4 | 1222.2 |
  Orcish Mines |   2290 |   2237 |     53 |    253 |   1122 |   2 | 1145.0 |
        Vaults |   3217 |   3117 |    100 |    544 |   1730 |   2 | 1608.5 |
         Trove |     61 |     61 |      0 |      0 |      0 |   1 |   61.0 |
      Ice Cave |   1157 |   1157 |      0 |    271 |    293 |   1 | 1157.0 |
               +--------+--------+--------+--------+--------+-----+--------+

Top non-repeatable levels by time:
  Lair:5: 2700 daAuts
  Lair:3: 2627 daAuts
    D:15: 2367 daAuts
     D:8: 2279 daAuts
  Lair:6: 2196 daAuts
    D:10: 2125 daAuts
Vaults:1: 2120 daAuts
  Lair:4: 1977 daAuts
  Lair:2: 1926 daAuts
 Snake:4: 1890 daAuts
    D:14: 1750 daAuts
   Orc:2: 1748 daAuts
     D:7: 1693 daAuts
  Lair:1: 1620 daAuts
     D:3: 1534 daAuts
